 Dungeon Crawl Stone Soup version 0.30-a0-948-g4fa250aae5 (webtiles) character file.

Game seed: 15957725373454196515

218 GloriousHammer the Ogre Mage (level 5, -1/45 HPs)
             Began as an Ogre Fire Elementalist on Mar 25, 2023.
             Slain by a black bear (4 damage)
             ... on level 4 of the Dungeon on Mar 26, 2023.
             The game lasted 00:09:49 (3332 turns).

GloriousHammer the Ogre Mage (OgFE)                 Turns: 3332, Time: 00:09:49

Health: -1/45      AC:  4    Str: 14    XL:     5   Next: 95%
Magic:  1/11       EV:  9    Int: 16    God:
Gold:   133        SH:  0    Dex:  9    Spells: 3/12 levels left

rFire   . . .      SeeInvis .    t - +1 whip (elec)
rCold   . . .      Faith    .    (no shield)
rNeg    . . .      Spirit   .    a - +0 robe
rPois   .          Reflect  .    p - +0 hat
rElec   .          Rampage  .    u - +0 cloak
rCorr   .                        (gloves unavailable)
Will    .....                    (boots unavailable)
Stlth   +                        (no amulet)
HPRegen 0.27/turn                (no ring)
MPRegen 0.12/turn                (no ring)

@: no status effects
A: large, unfitting armour, tough skin 1
a: no special abilities


You were on level 4 of the Dungeon.
You visited 1 branch of the dungeon, and saw 4 of its levels.

You collected 133 gold pieces.

Inventory:

Hand Weapons
 d - a +1 mace of holy wrath
 f - a +0 sling of draining
 t - a +1 whip of electrocution (weapon)
Armour
 a - a +0 robe (worn)
 p - a +0 hat (worn)
 u - a +0 cloak (worn)
Scrolls
 g - 3 scrolls of blinking {unknown}
 i - 2 scrolls of identify {unknown}
 j - a scroll of teleportation {unknown}
 l - a scroll of torment {unknown}
 m - 2 scrolls of enchant weapon {unknown}
 o - a scroll of fog {unknown}
 q - a scroll of silence {unknown}
 r - a scroll of fear {unknown}
 s - 3 scrolls of immolation {unknown}
Potions
 b - 2 potions of magic
 c - a potion of invisibility {unknown}
 e - 2 potions of cancellation {unknown}
 h - a potion of flight {unknown}
 k - a potion of curing
 v - a potion of resistance {unknown}
 w - a potion of berserk rage {unknown}


   Skills:
 - Level 1.7 Dodging
 - Level 1.4 Stealth
 + Level 4.2 Spellcasting
 + Level 3.0 Conjurations
 + Level 4.0 Fire Magic


You had 3 spell levels left.
You knew the following spells:

 Your Spells              Type           Power      Damage    Failure   Level
a - Foxfire               Conj/Fire      56%        2x1d6     3%          1
b - Scorch                Fire           32%        2d7       4%          2
c - Inner Flame           Hex/Fire       9%         N/A       22%         3
d - Kindle Blastsparks    Fire/Tloc/Air  14%        2d11      28%         3

Your spell library contained the following spells:

 Spells                   Type           Power      Damage    Failure   Level
 Cigotuvi's Dreadful Rot  Necr/Pois/Air  6%         N/A       26%         2
 Vhi's Electric Charge    Tloc/Air       6%         N/A       45%         3
 Flame Wave               Conj/Fire      14%        2d6       36%         4
 Dispel Undead            Necr           3%         3d7       86%         4
 Arcjolt                  Conj/Air       4%         1d14      94%         5
 Death Channel            Necr           1%         N/A       100%        6
 Maxwell's Capacitive Co  Air            1%         ∞         100%        8


Dungeon Overview and Level Annotations

Branches:
Dungeon (4/15)
 Temple: D:4-7

Altars:
Dithmenos


Innate Abilities, Weirdness & Mutations

You are too large for most types of armour.
You have tough skin. (AC +1)


Message History

The black bear moves out of view.
A ball python comes into view.
A ball python is nearby!
A ball python is nearby!
Casting: Foxfire (safe; 4% risk of failure)
Confirm with . or Enter, or press ? or * to list all spells.
You conjure some foxfire!
The foxfire hits the ball python.
You kill the ball python!
A giant cockroach comes into view.
There are monsters nearby!
Casting: Foxfire (safe; 3% risk of failure)
Confirm with . or Enter, or press ? or * to list all spells.
You conjure some foxfire!
The black bear growls angrily.
Your foxfire dissipates!
The foxfire hits the giant cockroach.
The giant cockroach is severely wounded.
Casting: Foxfire (safe; 3% risk of failure)
Confirm with . or Enter, or press ? or * to list all spells.
Flames lash the giant cockroach.
You kill the giant cockroach!
Found an escape hatch in the floor.
Casting: Scorch (safe; 4% risk of failure)
Confirm with . or Enter, or press ? or * to list all spells.
You conjure some foxfire!
The foxfire hits the black bear.
The black bear is lightly wounded.
The foxfire hits the black bear.
The black bear is lightly wounded.
Casting: Foxfire (safe; 3% risk of failure)
Confirm with . or Enter, or press ? or * to list all spells.
You miscast Scorch.
You are very lightly contaminated with residual magic.
Nothing appears to happen.
Casting: Scorch (safe; 4% risk of failure)
Confirm with . or Enter, or press ? or * to list all spells.
Flames lash the black bear.
The black bear is moderately wounded.
The black bear's fire resistance burns away.
Casting: Scorch (safe; 4% risk of failure)
Confirm with . or Enter, or press ? or * to list all spells.
You conjure some foxfire!
The black bear completely misses you. The black bear claws you. x2
Your foxfire dissipates!
The foxfire hits the black bear.
The black bear is moderately wounded.
Casting: Foxfire (safe; 3% risk of failure)
Confirm with . or Enter, or press ? or * to list all spells.
You conjure some foxfire!
The black bear closely misses you. The black bear claws you.
The black bear claws you but does no damage.
The black bear attacks as you move away!
The black bear bites you.
The black bear claws you but does no damage.
The black bear closely misses you.
The black bear is no longer more vulnerable to fire.
The foxfire hits the black bear.
The black bear is heavily wounded.
The foxfire hits the black bear.
The black bear is heavily wounded.
Casting: Foxfire (safe; 3% risk of failure)
Confirm with . or Enter, or press ? or * to list all spells.
You conjure some foxfire!
The black bear closely misses you. The black bear claws you. x2
Your foxfire dissipates!
The foxfire hits the black bear.
The black bear is severely wounded.
Casting: Foxfire (safe; 3% risk of failure)
Confirm with . or Enter, or press ? or * to list all spells.
You don't have enough magic to cast this spell.
Casting: Foxfire (safe; 3% risk of failure)
Confirm with . or Enter, or press ? or * to list all spells.
You conjure some foxfire!
The black bear bites you. The black bear claws you. x2
Your magical contamination has completely faded away.
You hit the black bear.
The black bear is severely wounded.
The foxfire hits the black bear.
The black bear is severely wounded.
The foxfire hits the black bear.
The black bear is almost dead.
The black bear goes berserk!
You hit the black bear but do no damage.
The black bear is almost dead.
The black bear bites you! The black bear barely misses you.
The black bear claws you.
* * * LOW HITPOINT WARNING * * *
The black bear misses you.
The black bear claws you but does no damage.
The black bear claws you.
* * * LOW HITPOINT WARNING * * *
Unknown command.
You hit the black bear but do no damage.
The black bear is almost dead.
The black bear bites you.
* * * LOW HITPOINT WARNING * * *
The black bear claws you.
* * * LOW HITPOINT WARNING * * *
The black bear claws you.
You die...

...##..#...# .......#...#
...##..##..# ...##..##..#
...........#######
...........#.>...#
#..##......#.....# .
#..##..###.#.....# .#
#..##..# #.#....@#####..#
#......###.#....h.......#
#..##.##.#.#............#
#..####.)..#............#
# ##.#.#............# #
###.#....†.......# #
#.###..######.##
##########.###..##..##.#
.#.....................


You could see a black bear (berserk).

Vanquished Creatures
  An orc priest (D:3)
  An iguana (D:4)
  2 orc wizards (D:3)
  5 adders
  A worm (D:3)
  A dart slug (D:2)
  7 orcs
  5 endoplasms
  3 giant cockroaches
  4 goblins
  4 hobgoblins
  10 kobolds
  A quokka (D:2)
  2 ball pythons
  4 bats
  5 frilled lizards
  3 rats
59 creatures vanquished.

Vanquished Creatures (others)
  107 foxfires
107 creatures vanquished.

Grand Total: 166 creatures vanquished

Notes
Turn   | Place    | Note
-------+----------+-------------------------------------------
     0 | D:1      | GloriousHammer the Ogre Fire Elementalist began the quest
                  | for the Orb.
     0 | D:1      | Reached XP level 1. HP: 16/16 MP: 3/3
     0 | D:1      | Upgraded the game from 0.30-a0-939-gc8157cb160 to
                  | 0.30-a0-948-g4fa250aae5
    78 | D:1      | Reached skill level 1 in Conjurations
   455 | D:1      | Reached XP level 2. HP: 24/24 MP: 5/5
   732 | D:1      | Learned a level 2 spell: Scorch
   775 | D:2      | Reached XP level 3. HP: 23/31 MP: 0/7
  1369 | D:2      | Reached XP level 4. HP: 39/39 MP: 2/8
  1869 | D:2      | Learned a level 3 spell: Inner Flame
  1873 | D:2      | Learned a level 3 spell: Kindle Blastsparks
  2197 | D:3      | Reached XP level 5. HP: 26/45 MP: 5/10
  2413 | D:3      | Found a shadowy altar of Dithmenos.
  3302 | D:4      | Noticed a black bear
  3332 | D:4      | Slain by a black bear

Illustrated notes

Levels and vault maps discovered:
D:1:      minmay_arrival_widening_spiral_wide, layout_basic,
          kennysheep_flooded_box
D:2:      layout_basic, st_stairs_14
D:3:      layout_basic, mainiacjoe_overflow_catwalk, serial_bayou_lagoon_a
D:4:      layout_gridville, nicolae_sif_muna_condensation,
          ebering_ghost_sewer_d, nrook_loot_triangle

Skill      XL: |  1  2  3  4  5 |
---------------+----------------+-----
Conjurations   | 1 2 3 |  3.0
Fire Magic     | 3 4 |  4.0
Spellcasting   | 3 4 |  4.2
Dodging        | |  1.7
Stealth        | |  1.4

Action                     |  1- 3 |  4- 6 || total
---------------------------+-------+-------++-------
  Melee: Whip              |       |    15 ||    15
   Fire: Sling             |    24 |    19 ||    43
   Cast: Foxfire           |    32 |    38 ||    70
         Scorch            |     4 |    14 ||    18
    Use: Potion            |       |     3 ||     3
 Armour: Robe              |     5 |     9 ||    14
  Dodge: Dodged            |    17 |    19 ||    36

Table legend: (Time is in decaauts)
 A = Elapsed time spent in this place.
 B = Non-inter-level travel time spent in this place.
 C = Inter-level travel time spent in this place.
 D = Time resting spent in this place.
 E = Time spent auto-exploring this place.
 F = Levels seen in this place.
 G = Mean time per level.
                   A        B        C        D        E       F      G
               +--------+--------+--------+--------+--------+-----+--------+
         Total |   3349 |   3286 |     63 |    353 |   2454 |   4 |  837.2 |
       Dungeon |   3349 |   3286 |     63 |    353 |   2454 |   4 |  837.2 |
               +--------+--------+--------+--------+--------+-----+--------+

Top non-repeatable levels by time:
     D:2: 1360 daAuts
     D:3: 932 daAuts
     D:1: 747 daAuts
     D:4: 308 daAuts
